 Dungeon Crawl Stone Soup version 0.32-a0-913-g739538afd8 (webtiles) character file.

Game seed: 2168000571084958729

897 olourkin the Chopper (level 8, -3/56 HPs)
             Began as a Coglin Warper on Apr 9, 2024.
             Was an Initiate of Qazlal.
             Slain by Duvessa
             ... wielding a +0 short sword
              (6 damage)
             ... on level 7 of the Dungeon.
             The game lasted 00:35:08 (5874 turns).

olourkin the Chopper (Coglin Warper)                Turns: 5874, Time: 00:35:08

Health: -3/56      AC: 15    Str: 13    XL:     8   Next: 7%
Magic:  10/10      EV: 10    Int: 15    God:    Qazlal [......]
Gold:   41         SH:  0    Dex: 15    Spells: 8/10 levels left

rFire   . . .        e - +0 war axe {Fubuki}
rCold   . . .        a - +0 hand axe {Eunwoo}
rNeg    . . .        r - +3 ring mail of the Heron {Will+ Regen+ rCorr}
rPois   .            o - +2 helmet {Int+3}
rElec   .            (no cloak)
rCorr   +            j - +0 pair of gloves
SInv    .            u - +1 pair of boots
Will    +....        (amulet unavailable)
Stlth   +            (ring unavailable)
HPRegen 1.09/turn    (ring unavailable)
MPRegen 0.12/turn    (no gizmo)

%: no passive effects
@: revved
A: off-hand wielding, slow wielding, warmup strikes, no jewellery
a: Invent Gizmo, Renounce Religion


You were on level 7 of the Dungeon.
You worshipped Qazlal.
Qazlal was noncommittal.
You visited 2 branches of the dungeon, and saw 8 of its levels.

You collected 256 gold pieces.
You spent 215 gold pieces at shops.

Inventory:

Hand Weapons
 a - a +0 hand axe (offhand) {Eunwoo}
 e - a +0 war axe (weapon) {Fubuki}
Missiles
 d - 7 darts of dispersal
 k - 37 stones
 m - 6 javelins (quivered)
Armour
 j - a +0 pair of gloves (worn)
 o - a +2 helmet of intelligence (worn)
 r - the +3 ring mail of the Heron (worn) {Will+ Regen+ rCorr}
   (You found it on level 5 of the Dungeon)

   Will+:     It increases your willpower.
   Regen+:    It increases your rate of health regeneration.
   rCorr:     It protects you from acid and corrosion.
 u - a +1 pair of boots (worn)
Scrolls
 b - a scroll of identify
 c - a scroll of blinking
 i - 2 scrolls of revelation
 l - 2 scrolls of teleportation
Potions
 f - 2 potions of magic {unknown}
 h - 2 potions of attraction {unknown}
 n - a potion of lignification {unknown}
 p - a potion of cancellation {unknown}
 s - a potion of heal wounds {unknown}
 v - a potion of berserk rage {unknown}


   Skills:
 - Level 2.0 Fighting
 * Level 7.2 Axes
 - Level 0.8 Throwing
 + Level 4.4 Armour
 - Level 1.7 Dodging
 - Level 1.7 Spellcasting
 + Level 3.8 Translocations


You had 8 spell levels left.
You knew the following spells:

 Your Spells              Type           Power      Damage    Failure   Level
b - Blink                 Tloc           24%        N/A       14%         2

Your spell library contained the following spells:

 Spells                   Type           Power      Damage    Failure   Level
 Lesser Beckoning         Tloc           24%        N/A       14%         2
 Maxwell's Portable Pile  Tloc           12%        2d(6-17)  28%         3
 Teleport Other           Tloc           12%        N/A       28%         3
 Slow                     Hex            4%         N/A       41%         1
 Confusing Touch          Hex            1%         N/A       80%         3
 Inner Flame              Hex/Fire       1%         N/A       80%         3
 Vampiric Draining        Necr           1%         2d6       80%         3
 Vhi's Electric Charge    Tloc/Air       14%        N/A       90%         4
 Irradiate                Conj/Alch      0%         3d11      100%        5
 Ignition                 Fire           0%         3d3       100%        8


Dungeon Overview and Level Annotations

Branches:
Dungeon (7/15)             Temple (1/1) D:6

Altars:
Ashenzari
Cheibriados
Dithmenos
Elyvilon
Fedhas
Hepliaklqana
Kikubaaqudgha
Makhleb
Nemelex Xobeh
Okawaru
Qazlal
Ru
Trog
Uskayaw
Vehumet
Xom
Yredelemnul
Zin
The Shining One

Shops:
D:3 [   D:4 *   D:5 **[?

Annotations:
D:6 3 runed translucent doors, Sigmund; jasper's ghost, novice DsBe
D:7 Duvessa


Innate Abilities, Weirdness & Mutations

You can wield a second weapon in your off-hand.
It takes a long time for you to wield or remove held weapons.
Your first few attacks do less damage.
You cannot equip rings or amulets.


Message History

You hit Duvessa but do no damage. Duvessa closely misses you.
Duvessa hits you with a +0 short sword!
* * * LOW HITPOINT WARNING * * *
You feel better. Duvessa hits you with a +0 short sword!
* * * LOW HITPOINT WARNING * * *
You feel better. Duvessa barely misses you.
Duvessa hits you with a +0 short sword.
* * * LOW HITPOINT WARNING * * *
You slash Duvessa with your +0 war axe!
Duvessa is heavily wounded.
You hit Duvessa but do no damage. Duvessa hits you with a +0 short sword!
* * * LOW HITPOINT WARNING * * *
You hit Duvessa with your +0 war axe.
Duvessa is heavily wounded.
You hit Duvessa with your +0 hand axe. Duvessa hits you with a +0 short sword.
* * * LOW HITPOINT WARNING * * *
Duvessa hits you but does no damage.
You hit Duvessa but do no damage.
Duvessa is severely wounded.
You hit Duvessa but do no damage. Duvessa hits you with a +0 short sword!
* * * LOW HITPOINT WARNING * * *
You hit Duvessa but do no damage.
Duvessa is severely wounded.
You closely miss Duvessa with your +0 war axe.
Duvessa hits you but does no damage. Duvessa misses you.
You hit Duvessa with your +0 hand axe.
Duvessa is severely wounded.
You hit Duvessa with your +0 war axe. Duvessa hits you but does no damage.
You hit Duvessa but do no damage.
Duvessa is severely wounded.
You hit Duvessa with your +0 war axe. Duvessa hits you but does no damage. x2
You hit Duvessa but do no damage.
Duvessa is severely wounded.
You hit Duvessa with your +0 hand axe. Duvessa hits you but does no damage.
You hit Duvessa but do no damage.
Duvessa is almost dead.
You hit Duvessa but do no damage. Duvessa hits you with a +0 short sword!
* * * LOW HITPOINT WARNING * * *
Duvessa hits you with a +0 short sword.
You die...

### ######## ######### ...
#####......####........
####.##...'.........+........
.......<###.......###........
.........##.......###........
............@e...)...........
#.....#......#....####......#
.............#....# #.#.....
..#####.#.###.....####.#.#..#
.......<..# #.#+#............
#...###.### #.#........#.#..#
#. #.# #.#...######.#..# #..
+...#.# #.#..# #.# #.#.#..
.#...


You could see Duvessa (berserk).

Vanquished Creatures
  A black bear (D:5)
  An ogre (D:7)
  3 scorpions
  Dowan (D:7)
  A howler monkey (D:6)
  3 hounds
  A jelly (D:5)
  2 orc priests
  A sleepcap (D:6)
  3 orc wizards
  3 gnolls (D:3)
  4 adders
  6 ufetubi
  4 ribbon worms
  3 dart slugs
  12 orcs
  2 bats (D:3)
  2 endoplasms
  2 giant cockroaches (D:1)
  4 goblins
  5 hobgoblins
  2 quokkas
  3 ball pythons
  A frilled lizard (D:2)
  7 kobolds
  2 rats
79 creatures vanquished.

Notes
Turn   | Place    | Note
-------+----------+-------------------------------------------
     0 | D:1      | olourkin the Coglin Warper began the quest for the Orb.
     0 | D:1      | Reached XP level 1. HP: 16/16 MP: 3/3
    53 | D:1      | Reached skill level 1 in Armour
   175 | D:1      | Reached XP level 2. HP: 16/22 MP: 4/4
  1015 | D:2      | Reached skill level 3 in Axes
  1015 | D:2      | Reached XP level 3. HP: 25/27 MP: 5/5
  1202 | D:2      | Found a blossoming altar of Fedhas.
  1514 | D:2      | Reached XP level 4. HP: 26/33 MP: 6/6
  1713 | D:3      | Found a radiant altar of Vehumet.
  2084 | D:3      | Reached skill level 4 in Axes
  2144 | D:3      | Reached XP level 5. HP: 20/38 MP: 7/7
  2455 | D:3      | Found Paqutrusku's Armour Shop.
  2455 | D:3      | Noticed an animated pearl dragon scales
  2456 | D:3      | Noticed an animated pearl dragon scales
  2808 | D:4      | Reached skill level 5 in Axes
  2808 | D:4      | Reached XP level 6. HP: 34/44 MP: 8/8
  2950 | D:4      | Found Dyesucs's Gadget Gallery.
  3033 | D:4      | Noticed a black bear
  3528 | D:5      | Entered Level 5 of the Dungeon
  3534 | D:5      | Found Luesur's Magic Scroll Shop.
  3545 | D:5      | Identified the +3 ring mail of the Heron {Will+ Regen+
                  | rCorr}
  3586 | D:5      | Noticed a black bear
  3732 | D:5      | Found a glowing golden altar of the Shining One.
  3748 | D:5      | Found a hide-covered altar of Uskayaw.
  3807 | D:5      | Found a white marble altar of Elyvilon.
  3876 | D:5      | Killed a black bear
  3877 | D:5      | Reached skill level 6 in Axes
  3877 | D:5      | Reached XP level 7. HP: 25/50 MP: 9/9
  3905 | D:5      | Found Roeri's General Store.
  3922 | D:5      | Learned a level 2 spell: Blink
  4139 | D:3      | Bought a +2 helmet of intelligence for 215 gold pieces
  4247 | D:5      | Found Dah Qyno's Antique Armour Shoppe.
  4463 | D:5      | Found Vienexosk's Assorted Antiques.
  4587 | D:6      | Noticed a vampire
  4587 | D:6      | Found a runed translucent gate.
  4689 | D:6      | Noticed jasper's ghost (novice DsBe)
  4764 | D:6      | Found a staircase to the Ecumenical Temple.
  4785 | Temple   | Entered the Ecumenical Temple
  4795 | Temple   | Became a worshipper of Qazlal Stormbringer
  4930 | D:6      | Found a runed translucent gate.
  4930 | D:6      | Found a runed translucent gate.
  5199 | D:6      | Noticed Sigmund
  5461 | D:7      | Noticed Duvessa
  5461 | D:7      | Noticed Dowan
  5505 | D:7      | Killed Dowan
  5506 | D:7      | Reached skill level 7 in Axes
  5800 | D:7      | Reached XP level 8. HP: 56/56 MP: 10/10
  5874 | D:7      | Slain by Duvessa

Illustrated notes

Levels and vault maps discovered:
D:1:      dpeg_arrival_line_fractal, layout_loops_ring
D:2:      minmay_evil_eye, layout_rooms, basic_altar, hangedman_decor_growths,
          chequers_serial_rivers_micro_d, hangedman_decor_opposing
D:3:      layout_basic, nicolae_vehumet_altar_sigil, serial_aquarium,
          aquarium_bridge_square [aquarium_subvault_window,
          aquarium_subvault_balcony, aquarium_subvault_bridge,
          aquarium_subvault_wall], aquarium_bridge_island_large
          [aquarium_subvault_large_4_pools, aquarium_subvault_bridge,
          aquarium_subvault_wall, aquarium_subvault_window,
          aquarium_subvault_window], aquarium_window_fake,
          aquarium_window_corner, aquarium_view_2g, aquarium_pool_S,
          serial_shops, nicolae_shop_mannequins, grunt_decor_cap
D:4:      layout_loops_corners, nicolae_shop_gadgets
D:5:      layout_gridville, gammafunk_temple_overflow_forgotten, serial_shops,
          nicolae_shop_getting_attention, nicolae_shop_peninsula, shop,
          shop_statue, chequers_serial_rivers_micro_a
D:6:      layout_gridville, minmay_temple_entry_antechambers,
          gammafunk_ghost_split, minmay_misc_feat_ornament,
          chequers_serial_rivers_room_b, uniq_sigmund
D:7:      layout_basic, minmay_manual_mail, uniq_duvessa, uniq_joseph,
          uniq_maurice
Temple:   nicolae_temple_great_sept

Skill      XL: |  1  2  3  4  5  6  7 |
---------------+----------------------+-----
Armour         | 1 2 3 4 |  4.4
Axes           | 3 4 5 6 7 |  7.2
Fighting       | |  2.0
Throwing       | |  0.8
Dodging        | |  1.7
Spellcasting   | |  1.7
Translocations | |  3.8

Action                     |  1- 3 |  4- 6 |  7- 9 || total
---------------------------+-------+-------+-------++-------
  Melee: Hand axe          |    69 |    82 |    86 ||   237
         Dagger            |    54 |       |       ||    54
         Flail             |     9 |    15 |       ||    24
         War axe           |       |    76 |    88 ||   164
  Throw: Javelin           |     8 |    22 |     7 ||    37
    Use: Scroll            |       |       |     5 ||     5
         Potion            |       |       |     4 ||     4
 Armour: Ring mail         |    50 |    47 |    98 ||   195
         Scale mail        |       |    33 |       ||    33
  Dodge: Dodged            |    25 |    39 |    52 ||   116

Table legend: (Time is in decaauts)
 A = Elapsed time spent in this place.
 B = Non-inter-level travel time spent in this place.
 C = Inter-level travel time spent in this place.
 D = Time resting spent in this place.
 E = Time spent auto-exploring this place.
 F = Levels seen in this place.
 G = Mean time per level.
                   A        B        C        D        E       F      G
               +--------+--------+--------+--------+--------+-----+--------+
         Total |   5929 |   5431 |    498 |    783 |   2913 |   8 |  741.1 |
       Dungeon |   5908 |   5419 |    489 |    783 |   2913 |   7 |  844.0 |
        Temple |     20 |     11 |      9 |      0 |      0 |   1 |   20.0 |
               +--------+--------+--------+--------+--------+-----+--------+

Top non-repeatable levels by time:
     D:3: 1103 daAuts
     D:5: 1037 daAuts
     D:4: 1016 daAuts
     D:6: 963 daAuts
     D:2: 800 daAuts
     D:1: 786 daAuts
     D:7: 201 daAuts
  Temple: 20 daAuts
